 Dungeon Crawl Stone Soup version 0.27-a0-1595-g0b823d0a13 (webtiles) character file.

Game seed: 6391868831606106645

461055 IndexError the Swashbuckler (level 24, 0/210 HPs)
             Began as a Gnoll Ice Elementalist on July 19, 2021.
             Was the Champion of Ashenzari.
             Slain by a frost giant (23 damage)
             ... on level 2 of the Depths on July 20, 2021.
             The game lasted 03:22:41 (74288 turns).

IndexError the Swashbuckler (GnIE)                 Turns: 74288, Time: 03:22:42

Health: 0/210      AC: 28    Str: 11    XL:     24   Next: 48%
Magic:  0/49       EV: 25    Int: 32    God:    Ashenzari [******]
Gold:   3060       SH:  0    Dex: 14    Spells: 0/67 levels left

rFire    + + +     SeeInvis +   G - +6 battleaxe "Lashed Together" {pain, Drain rPois rF+++ rC+++, Elem, Self} (curse)
rCold    + + .     Faith    .   (shield currently unavailable)
rNeg     . . .     Spirit   +   A - +1 ring mail "Omniscient Discomfort" {rCorr Slay+2, Comp, Elem} (curse)
rPois    +         Reflect  .   o - -1 helmet of Desmomancy {Will+ Dex+2, Self, Fort} (curse)
rElec    +         Harm     .   n - scarf of the Enigmatic Pleiades {shadows, Elem, Self} (curse)
rCorr    +         Rampage  .   J - +2 pair of gloves "Suspicion of Ashenzari" {Elem, Range} (curse)
Will     ++++.     Clarity  +   m - +2 pair of boots "Oracular Jealousy" {Fly, Self, Comp} (curse)
Stlth    +++++.....             b - amulet "Profound Relativism" {Spirit, Spirit, Alch, Elem} (curse)
HPRegen  0.45/turn              T - ring "Share My Awkwardness" {rElec rC- EV+4 Int+4, Melee, Comp} (curse)
MPRegen  0.31/turn              Z - ring "I Knew You'd Do That" {Drain Will++ EV+4 Int+4 Slay+3, Melee, Range} (curse)

@: ice-armoured, in a vortex, flying, studying 2 skills
A: fangs 1, strong nose, distributed training
}: 2/15 runes: decaying, gossamer
a: Renounce Religion, Shatter the Chains


You were on level 2 of the Depths.
You worshipped Ashenzari.
Ashenzari was exalted by your worship.
You visited 9 branches of the dungeon, and saw 41 of its levels.
You visited the Abyss 1 time.
You visited 1 bazaar.
You also visited: Ossuary, Bailey and Gauntlet.

You collected 7793 gold pieces.
You spent 4733 gold pieces at shops.

Inventory:

Hand Weapons
 G - the cursed +6 battleaxe "Lashed Together" (weapon) {pain, Drain rPois rF+++ rC+++, Elem, Self}
   (You bought it in a shop on level 1 of the Dungeon)

   In the hands of one skilled in necromantic magic, it inflicts extra damage on
   living creatures.
   rF:        It renders you almost immune to fire.
   rC:        It renders you almost immune to cold.
   rPois:     It protects you from poison.
   Drain:     It drains your maximum health when unequipped.
   It has a curse which improves the following skills: Elements: Fire Magic, Ice
   Magic, Air Magic and Earth Magic.
   Introspection: Fighting and Spellcasting.
Missiles
 g - 8 curare-tipped darts
 r - 122 poisoned darts
 C - 4 silver javelins (quivered)
 D - 8 atropa-tipped darts
 N - 5 throwing nets {=f, !d}
 R - 2 boomerangs of dispersal {=f}
 W - 7 javelins
Armour
 m - the cursed +2 pair of boots "Oracular Jealousy" (worn) {Fly, Self, Comp}
   (You bought it in a shop on level 3 of the Dungeon)

   It has a curse which improves the following skills: Introspection: Fighting
   and Spellcasting.
   Companions: Summonings and Necromancy.
 n - the cursed scarf of the Enigmatic Pleiades (worn) {shadows, Elem, Self}
   (You found it on level 3 of the Dungeon)

   It has a curse which improves the following skills: Elements: Fire Magic, Ice
   Magic, Air Magic and Earth Magic.
   Introspection: Fighting and Spellcasting.
 o - the cursed -1 helmet of Desmomancy (worn) {Will+ Dex+2, Self, Fort}
   (You acquired it on level 5 of the Dungeon)

   Dex:       It affects your dexterity (+2).
   Will:      It increases your willpower.
   It has a curse which improves the following skills: Introspection: Fighting
   and Spellcasting.
   Fortitude: Armour and Shields.
 A - the cursed +1 ring mail "Omniscient Discomfort" (worn) {rCorr Slay+2, Comp, Elem}
   (You found it on level 2 of the Vaults)

   Slay:      It affects your accuracy & damage with ranged weapons and melee
   (+2).
   rCorr:     It protects you from acid and corrosion.
   It has a curse which improves the following skills: Companions: Summonings
   and Necromancy.
   Elements:  Fire Magic, Ice Magic, Air Magic and Earth Magic.
 J - the cursed +2 pair of gloves "Suspicion of Ashenzari" (worn) {Elem, Range}
   (You found it on level 9 of the Dungeon)

   It has a curse which improves the following skills: Elements: Fire Magic, Ice
   Magic, Air Magic and Earth Magic.
   Ranged Combat: Slings, Bows, Crossbows and Throwing.
Jewellery
 b - the cursed amulet "Profound Relativism" (around neck) {Spirit, Spirit, Alch, Elem}
   (You found it on level 6 of the Dungeon)

   [amulet of guardian spirit]

   It causes incoming damage to be divided between your reserves of health and
   magic.
   It has a curse which improves the following skills: Alchemy: Poison Magic and
   Transmutations.
   Elements:  Fire Magic, Ice Magic, Air Magic and Earth Magic.
 w - the amulet "Acateabe" {Reflect Fly rCorr Str-2 SH+5}
   (You acquired it in a bazaar)

   [amulet of reflection]

   It reflects blocked missile attacks.
   Str:       It affects your strength (-2).
   Fly:       It grants you flight.
   rCorr:     It protects you from acid and corrosion.
   SH:        It affects your SH (+5).
 T - the cursed ring "Share My Awkwardness" (left hand) {rElec rC- EV+4 Int+4, Melee, Comp}
   (You found it in a Gauntlet)

   [ring of evasion]

   EV:        It affects your evasion (+4).
   Int:       It affects your intelligence (+4).
   rC:        It makes you vulnerable to cold.
   rElec:     It insulates you from electricity.
   It has a curse which improves the following skills: Melee Combat: Short
   Blades, Long Blades, Axes, Maces & Flails, Polearms, Staves and Unarmed
   Combat.
   Companions: Summonings and Necromancy.
 Z - the cursed ring "I Knew You'd Do That" (right hand) {Drain Will++ EV+4 Int+4 Slay+3, Melee, Range}
   (You found it on level 4 of the Swamp)

   [ring of evasion]

   EV:        It affects your evasion (+4).
   Int:       It affects your intelligence (+4).
   Slay:      It affects your accuracy & damage with ranged weapons and melee
   (+3).
   Drain:     It drains your maximum health when unequipped.
   Will:      It greatly increases your willpower.
   It has a curse which improves the following skills: Melee Combat: Short
   Blades, Long Blades, Axes, Maces & Flails, Polearms, Staves and Unarmed
   Combat.
   Ranged Combat: Slings, Bows, Crossbows and Throwing.
Wands
 a - a wand of digging (14)
   (You found it on level 9 of the Dungeon)
 I - a wand of acid (2)
   (You took it off a centaur on level 9 of the Dungeon)
 L - a wand of iceblast (42)
   (You found it on level 12 of the Dungeon)
 Y - a wand of flame (101)
   (You found it on level 1 of the Lair of Beasts)
Scrolls
 d - 17 scrolls of teleportation
 e - 7 scrolls of immolation {!r}
 h - 5 scrolls of fog
 p - 7 scrolls of vulnerability {!r!r}
 u - 11 scrolls of enchant weapon
 y - 7 scrolls of brand weapon
 E - 6 scrolls of fear
 F - 6 scrolls of magic mapping {!r}
 H - a scroll of amnesia
 M - 4 scrolls of holy word {!r}
 O - a scroll of blinking {!r}
 P - 11 scrolls of enchant armour
 V - 2 scrolls of silence
Potions
 c - 13 potions of brilliance
 f - 11 potions of mutation {!q}
 i - 5 potions of invisibility
 j - 4 potions of ambrosia
 l - 5 potions of berserk rage {!q}
 q - a potion of attraction {!q}
 s - 2 potions of heal wounds
 t - 7 potions of haste
 x - 3 potions of magic
 z - 5 potions of resistance
 B - 9 potions of cancellation
 Q - 9 potions of lignification {!q}
 S - 4 potions of might
 U - 32 potions of curing
Miscellaneous
 k - a phantom mirror
   (You found it on level 2 of the Vaults)
 v - a phial of floods
   (You found it on level 1 of the Elven Halls)
 K - a condenser vane
   (You found it on level 9 of the Dungeon)
 X - a box of beasts
   (You found it in a Gauntlet)


   Skills:
 + Level 15.5(21.8) Fighting
 + Level 17.4(21.2) Short Blades
 + Level 15.5(19.4) Long Blades
 + Level 15.5(19.4) Axes
 + Level 17.0(20.8) Maces & Flails
 + Level 15.5(19.4) Polearms
 + Level 15.5(19.4) Staves
 + Level 15.5(19.4) Slings
 + Level 15.5(19.4) Bows
 + Level 15.5(19.4) Crossbows
 + Level 15.5(19.4) Throwing
 + Level 15.5(18.0) Armour
 + Level 16.0 Dodging
 + Level 15.9 Stealth
 + Level 15.5(18.0) Shields
 + Level 15.5(19.4) Unarmed Combat
 + Level 16.1(22.3) Spellcasting
 + Level 13.4 Conjurations
 + Level 13.4 Hexes
 + Level 13.4(18.7) Summonings
 + Level 13.4(18.7) Necromancy
 + Level 13.4 Translocations
 + Level 13.4(16.0) Transmutations
 + Level 13.4(20.9) Fire Magic
 + Level 14.8(22.2) Ice Magic
 + Level 13.4(20.9) Air Magic
 + Level 13.4(20.9) Earth Magic
 + Level 13.4(16.0) Poison Magic
 + Level 16.7 Invocations
 + Level 15.5 Evocations


You couldn't memorise any spells.
You knew the following spells:

 Your Spells              Type           Power      Damage    Failure   Level
a - Freeze                Ice            100%       1d11      0%          1
b - Frozen Ramparts       Ice            100%       1d12      0%          3
c - Animate Skeleton      Necr           100%       N/A       0%          1
d - Lehudib's Crystal Sp  Conj/Erth      49%        10d12     9%          8
e - Spellforged Servitor  Conj/Summ      47%        N/A       1%          7
f - Call Imp              Summ           100%       N/A       0%          2
g - Olgreb's Toxic Radia  Pois           95%        N/A       1%          4
h - Bolt of Magma         Conj/Fire/Erth 50%        4d20      1%          5
i - Polar Vortex          Ice            54%        N/A       16%         9
j - Shadow Creatures      Summ           N/A        N/A       1%          6
k - Simulacrum            Ice/Necr       52%        N/A       1%          6
l - Animate Dead          Necr           51%        N/A       0%          4
m - Ignite Poison         Fire/Tmut/Pois 99%        N/A       0%          3
n - Freezing Cloud        Conj/Ice/Air   51%        6-21      1%          5
A - Ozocubu's Armour      Ice            100%       N/A       0%          3

Your spell library contained the following spells:

 Spells                   Type           Power      Damage    Failure   Level
 Foxfire                  Conj/Fire      100%       2x1d9     0%          1
 Magic Dart               Conj           100%       1d8       0%          1
 Pain                     Necr           100%       1d9       0%          1
 Sandblast                Erth           100%       2d20      0%          1
 Sting                    Tmut/Pois      100%       1d8       0%          1
 Passwall                 Tmut/Erth      84%        N/A       0%          2
 Poisonous Vapours        Pois/Air       100%       N/A       0%          2
 Slow                     Hex            88%        N/A       0%          2
 Sublimation of Blood     Necr           51%        N/A       0%          2
 Inner Flame              Hex/Fire       98%        N/A       0%          3
 Mephitic Cloud           Conj/Pois/Air  97%        N/A       0%          3
 Swiftness                Air            100%       N/A       0%          3
 Vampiric Draining        Necr           51%        2d13      0%          3
 Animate Armour           Summ/Erth      100%       N/A       0%          4
 Hailstorm                Conj/Ice       99%        3d19      0%          4
 Ice Form                 Ice/Tmut       100%       N/A       0%          4
 Leda's Liquefaction      Hex/Erth       49%        N/A       0%          4
 Petrify                  Tmut/Erth      100%       N/A       0%          4
 Sticky Flame             Conj/Fire      98%        2d11      0%          4
 Lee's Rapid Deconstruct  Erth           53%        3d26*     0%          5
 Confusing Touch          Hex            88%        N/A       1%          3
 Dazzling Flash           Conj/Hex       100%       N/A       1%          3
 Gell's Gravitas          Tloc           44%        N/A       1%          3
 Lesser Beckoning         Tloc           44%        N/A       1%          3
 Teleport Other           Tloc           88%        N/A       1%          3
 Cause Fear               Hex            44%        N/A       1%          4
 Fulminant Prism          Conj/Hex       44%        3d20      1%          4
 Iskenderun's Mystic Bla  Conj/Tloc      88%        2d17      1%          4
 Alistair's Intoxication  Tmut/Pois      63%        N/A       1%          5
 Fireball                 Conj/Fire      49%        3d19      1%          5
 Irradiate                Conj/Tmut      46%        3d29      1%          5
 Iskenderun's Battlesphe  Conj           88%        2d14      1%          5
 Summon Forest            Summ/Tloc      47%        N/A       1%          5
 Summon Mana Viper        Hex/Summ       95%        N/A       1%          5
 Yara's Violent Unravell  Hex/Tmut       46%        3d18      1%          5
 Dispersal                Tloc           44%        N/A       1%          6
 Invisibility             Hex            44%        N/A       1%          6
 Iron Shot                Conj/Erth      49%        9d9       1%          6
 Starburst                Conj/Fire      49%        8x6d13    1%          6
 Statue Form              Tmut/Erth      67%        N/A       1%          6
 Haunt                    Necr/Summ      51%        N/A       1%          7
 Malign Gateway           Summ/Tloc      47%        N/A       1%          7
 Ignition                 Fire           53%        3d15      1%          8
 Infestation              Necr           51%        N/A       4%          8
 Necromutation            Tmut/Necr      49%        N/A       8%          8
 Chain Lightning          Conj/Air       49%        3d65      77%         9
 Fire Storm               Conj/Fire      49%        8d12      77%         9


Dungeon Overview and Level Annotations

Branches:
Dungeon (15/15)            Temple (1/1) D:7            Lair (6/6) D:10
  Swamp (4/4) Lair:4       Spider (4/4) Lair:3        Slime (0/5) Lair:6
    Orc (2/2) D:9             Elf (3/3) Orc:2        Vaults (4/5) D:13
  Crypt (0/3) Vaults:2     Depths (2/5) D:15        Ossuary (visited)
 Bailey (visited)         Gauntlet (visited)

Altars:
Ashenzari
Cheibriados
Dithmenos
Elyvilon
Fedhas
Gozag
Hepliaklqana
Kikubaaqudgha
Makhleb
Nemelex Xobeh
Okawaru
Qazlal
Ru
Sif Muna
Trog
Uskayaw
Vehumet
Wu Jian
Xom
Yredelemnul
Zin
The Shining One
Beogh
Jiyva

Shops:
D:1 (   D:3 [   D:15 :   Orc:2 ![(!   Elf:3 (   Vaults:1 !   Depths:2 :(

Portals:
Hell: Depths:1
Abyss: Lair:6 Depths:2

Annotations:
Elf:1 6 runed translucent doors
Depths:2 exclusion: 2 hell hogs


Innate Abilities, Weirdness & Mutations

You have very sharp teeth.
Your uncanny sense of smell can sniff out nearby items.
Your experience applies equally to all skills.


Message History

Casting: Polar Vortex (dangerous; 16% risk of failure)
Confirm with . or Enter, or press ? or * to list all spells.
You miscast Polar Vortex.
You are lightly contaminated with residual magic.
A chill runs through your body! You resist.
The ettin hits you with a +0 dire flail!!
The ettin misses you. The ettin hits you but does no damage.
The ettin completely misses you.
You take 27 damage, and have 177/210 hp.
You now have 27/49 mp.
You hit the ettin but do no damage.
The ettin writhes in agony!
You slice the ettin!!
The ettin writhes in agony!!
The ettin completely misses you. x2; The ettin barely misses you.
The ettin hits you with a +0 dire flail!!
You take 21 damage, and have 156/210 hp.
You now have 24/49 mp.
You hit the ettin.
The ettin writhes in agony.
You slash the ettin!
The ettin writhes in agony!
The ettin completely misses you. x2
You slash the ettin! You hit the ettin but do no damage.
The ettin writhes in agony!!
You slice the ettin!!
Your base Maces & Flails skill increases to level 17!
You slice the ettin!! You bite the ettin. The ettin misses you.
The ettin hits you but does no damage.
You slice the ettin!!
The ettin writhes in agony.
The ettin completely misses you.
The ettin hits you with a +0 dire flail!
You take 6 damage, and have 151/210 hp.
You now have 23/49 mp.
You slice the ettin!!
No target in view!
Your magical contamination has completely faded away.
Things that are here:
a +0 dire flail; a +0 dire flail; an ettin corpse Health restored: 210; MP restored: 49
Things that are here:
a +0 dire flail; a +0 dire flail; an ettin corpse
Things that are here:
a +0 dire flail; a +0 dire flail; an ettin corpse
Things that are here:
a +0 dire flail; a +0 dire flail; an ettin corpse
Found a glowing hand crossbow, a smoking short sword and a smouldering war axe.
Found a runed giant spiked club and a runed rapier.
Found a runed shortbow and a glowing falchion.
Found a glowing spear and a glowing arbalest.
You reach down and open the door.
There is an open door here.
You reach down and open the door. 3 ettins come into view.
An ettin is wielding a +0 dire flail and a +2 vorpal dire flail.
The ettin shouts in stereo! x3; You hear a shout!
There is an open door here.
There are monsters nearby!
There are monsters nearby!
A juggernaut comes into view.
A stone giant comes into view.
A frost giant comes into view.
It is wielding a +1 battleaxe of freezing.
The ettin completely misses you. The ettin hits you but does no damage.
The frost giant shouts!
You hit the juggernaut.
The juggernaut writhes in agony!
You slash the ettin!
The ettin writhes in agony!
You hit the ettin but do no damage.
The ettin writhes in agony.
You slice the ettin!!
The ettin writhes in agony!
The juggernaut hits you!! The juggernaut hits you. The ettin misses you.
The ettin completely misses you.
The ettin hits you with a +0 great mace!
The ettin barely misses you. The ettin closely misses you.
The ettin hits you but does no damage.
The stone giant throws a large rock.
The large rock hits you!!
You take 60 damage, and have 150/210 hp.
MASSIVE DAMAGE!!
You now have 35/49 mp.
Casting: Polar Vortex (dangerous; 16% risk of failure)
Confirm with . or Enter, or press ? or * to list all spells.
A film of ice covers your body!
The ettin hits you with a +0 dire flail!
The ettin misses you.
The ettin hits you with a +0 great mace!!!
The ettin hits you but does no damage. The ettin completely misses you. x2
The stone giant throws a large rock.
The large rock hits you!!
Casting: Ozocubu's Armour (safe; 0% risk of failure)
Confirm with . or Enter, or press ? or * to list all spells.
A great freezing vortex appears around you.
The ettin hits you with a +0 great mace!!
The ettin closely misses you. The ettin misses you.
The ettin barely misses you.
You take 85 damage, and have 65/210 hp.
MASSIVE DAMAGE!!
You now have 6/49 mp.
The juggernaut hits you but does no damage.
The juggernaut closely misses you.
The ettin hits you with a +0 great mace!!
* * * LOW HITPOINT WARNING * * *
The ettin misses you.
The stone giant throws a large rock.
The large rock hits you!
* * * LOW HITPOINT WARNING * * *
You take 35 damage, and have 30/210 hp.
You now have 4/49 mp.
The frost giant casts a spell at you. The bolt of cold hits you! You resist.
* * * LOW HITPOINT WARNING * * *
The stone giant throws a large rock.
The large rock hits you!
* * * LOW HITPOINT WARNING * * *
You take 21 damage, and have 9/210 hp.
You now have 2/49 mp.
You feel much better.
The frost giant hits you with a +1 battleaxe of freezing!!
You die...

#####################
#######################
.#).......####§§§§§§§§.<
.').......'..§§§§§§§§§.,
.#).......####§C@§§§§§.,
.#####+#######§§§§§§§§.,
######.#[))))+§§§§§§§§.,*
.......#)))))#§§§§§§§§$,*
##############§§§§§§§§)∆*
* ########+#* ,, *
#######)| ,,,* ##..###)|#
,, , * * ####..######


You could see a frost giant.

Vanquished Creatures
  A juggernaut (Depths:2)
  Margery (Vaults:4)
  Saint Roka (Vaults:3)
  A golden dragon (Depths:2)
  Jorgrun (D:15)
  A tentacled monstrosity (Depths:1)
  2 liches (Depths:1)
  Rupert (D:12)
  Asterion (Depths:1)
  3 deep elf master archers (Elf:3)
  2 deep elf blademasters (Elf:3)
  An ancient champion (Depths:1)
  A sphinx (Vaults:3)
  Kirke (Elf:1)
  A thorn hunter (Swamp:4)
  A fenstrider witch (Swamp:4)
  Donald (Vaults:1)
  A frost giant (Depths:2)
  A fire giant (Depths:1)
  6 ghouls
  10 vault wardens
  2 ghost moths (Spider:4)
  4 deep elf sorcerers (Elf:3)
  2 iron dragons
  Aizul (Vaults:1)
  The ghost of Rokh the Carver, a journeyman DsFi of Okawaru (Spider:1)
  3 orc warlords
  Louise (D:14)
  7 emperor scorpions
  5 deep elf elementalists (Elf:3)
  2 war gargoyles (Vaults:3)
  7 stone giants
  A reaper (Lair:5)
  6 very ugly things (Depths:1)
  13 ironbound preservers
  Snorg (D:10)
  4 dire elephants
  5 spark wasps
  5 deep elf annihilators (Elf:3)
  Nessos (D:14)
  8 deep elf demonologists
  An entropy weaver (Vaults:4)
  A minotaur (Gauntlet)
  3 bunyips
  8 deep elf death magi (Elf:3)
  5 fire dragons
  14 ettins
  3 eleionomae (Swamp:2)
  A shambling mangrove (Swamp:4)
  8 deep elf high priests
  13 yaktaur captains
  4 ice dragons (Depths:1)
  9 vault guards
  4 great orbs of eyes
  5 boulder beetles
  2 hell beasts (Depths:1)
  17 hydras
  6 ironbound thunderhulks
  6 ogre magi
  3 peacekeepers
  3 ghost crabs
  6 tengu warriors
  10 ironbound frosthearts
  36 dancing weapons
  4 catoblepae
  7 centaur warriors
  24 two-headed ogres
  5 alligators
  A vampire mage (Vaults:2)
  A deep troll shaman (Depths:1)
  7 death yaks (Depths:2)
  9 ironbound beastmasters
  3 deep troll earth magi
  3 spriggan berserkers (Depths:1)
  8 hell knights
  Nergalle (D:12)
  10 spriggans
  23 deep elf knights
  A sun demon (Lair:6)
  A fire crab (Vaults:2)
  5 goliath frogs
  10 skeletal warriors
  A shadow wraith (D:13)
  2 iron trolls (Depths:2)
  A salamander mystic (Depths:1)
  2 glowing orange brains (Vaults:3)
  2 spriggan druids
  44 deep trolls
  11 swamp dragons
  12 bog bodies
  25 deep elf archers
  13 ironbound convokers
  A lindwurm (shapeshifter) (D:15)
  15 lindwurms
  10 wizards
  8 harpies
  11 orc knights
  43 deep elf pyromancers
  7 necromancers
  20 orb spiders
  30 deep elf zephyrmancers
  A phantasmal warrior (Vaults:2)
  6 oklob plants
  A tengu skeleton (Vaults:1)
  25 wolf spiders
  27 ugly things
  A will-o-the-wisp (Swamp:4)
  An elephant (shapeshifter) (D:13)
  4 salamanders (Depths:1)
  A frost giant skeleton (Vaults:4)
  2 moths of wrath
  3 manticores
  A black mamba (Lair:6)
  17 elephants
  7 cyclopes
  5 molten gargoyles
  A gargoyle (D:13)
  16 vault sentinels
  2 torpor snails
  3 orange demons (Elf:2)
  16 cane toads
  A yaktaur zombie (Vaults:1)
  20 komodo dragons
  4 rime drakes
  2 large abominations
  11 demonic crawlers
  4 kobold demonologists
  An efreet (D:13)
  27 yaktaurs
  An ice devil (Lair:6)
  A freezing wraith (D:9)
  2 human zombies
  3 tengu conjurers
  2 polar bears
  A queen bee (Gauntlet)
  29 jumping spiders
  10 trolls
  A troll (shapeshifter) (Elf:2)
  6 tyrant leeches
  23 slime creatures
  17 hornets
  A raiju (shapeshifter) (Vaults:4)
  Grinder (D:4)
  5 dream sheep (Lair:6)
  7 blink frogs
  An ettin zombie (Vaults:4)
  3 air elementals
  3 centaur simulacra
  20 tarantellas
  58 redbacks
  2 vampires
  An elf zombie (Vaults:1)
  A shadow (D:7)
  46 yaks
  3 hogs (Elf:1)
  A wraith (D:9)
  11 basilisks
  5 water elementals
  5 vampire mosquitoes
  2 wyverns (Lair:6)
  3 steam dragons
  Grum (D:11)
  3 fire elementals
  9 wargs
  16 swamp worms
  4 hell hounds (Lair:6)
  4 acid dragons
  20 water moccasins
  A floating eye (shapeshifter) (Vaults:1)
  Duvessa (D:4)
  2 sky beasts
  8 swamp drakes
  28 orc warriors
  4 black bears
  3 boggarts (Vaults:4)
  25 ogres
  23 wolves
  18 centaurs
  2 phantoms
  3 kobold brigands
  12 bullfrogs
  A gnoll sergeant (D:12)
  5 scorpions
  A wyvern zombie (D:8)
  Dowan (D:4)
  A wyvern skeleton (D:7)
  A human simulacrum (Vaults:4)
  A water moccasin zombie (D:6)
  6 earth elementals
  A hornet simulacrum (Gauntlet)
  12 killer bees
  4 wights
  6 howler monkeys
  An electric eel (D:11)
  4 centaur zombies
  2 hounds
  3 jellies
  6 lava snakes
  10 orc priests
  A centaur skeleton (D:5)
  2 bullfrog skeletons (D:6)
  5 iguanas
  Jessica (D:2)
  21 orc wizards
  6 hell rats (Lair:5)
  A statue (D:10)
  A killer bee zombie (D:7)
  3 mummies (Ossuary)
  A howler monkey zombie (D:6)
  10 gnolls
  5 adders
  3 white imps
  An ufetubus (D:5)
  A dart slug (D:4)
  84 orcs
  3 endoplasms
  3 giant cockroaches
  9 goblins
  7 hobgoblins
  5 jackals
  23 kobolds
  2 quokkas
  9 ball pythons
  3 bats
  4 frilled lizards
  A goblin zombie (Ossuary)
  A hobgoblin zombie (Ossuary)
  2 kobold zombies (Ossuary)
  2 orc zombies (Ossuary)
  4 rats
  A butterfly (Lair:1)
1630 creatures vanquished.

Vanquished Creatures (collateral kills)
  the Lernaean hydra (Swamp:4)
  The ghost of anet the Thaumaturge, a journeyman GnWz of Ashenzari (Lair:6)
  A bunyip (Swamp:3)
  A vault guard (Vaults:4)
  A spriggan air mage (Swamp:3)
  A deep elf knight (Elf:1)
  Sonja (Lair:5)
  A deep elf pyromancer (Elf:1)
  An orb spider (Spider:1)
  A wolf spider (Spider:2)
  A torpor snail (Spider:1)
  3 jumping spiders
  A redback (Spider:1)
  A tarantella (Spider:1)
  3 yaks (D:10)
  A water moccasin (Lair:6)
  A centaur (D:6)
21 creatures vanquished.

Vanquished Creatures (others)
  A tengu warrior (Depths:1)
  A wizard (D:14)
  A deep elf zephyrmancer (Vaults:2)
  2 deep elf pyromancers
  A harpy (Vaults:2)
  An ugly thing (Vaults:2)
  An orc (Elf:1)
  A bush (Lair:6)
  4 foxfires (Swamp:4)
  32 fungi
  47 plants
92 creatures vanquished.

Grand Total: 1743 creatures vanquished

Notes
Turn   | Place    | Note
-------+----------+-------------------------------------------
     0 | D:1      | IndexError the Gnoll Ice Elementalist began the quest for
                  | the Orb.
     0 | D:1      | Reached XP level 1. HP: 13/13 MP: 6/6
   317 | D:1      | Found a faded altar of an unknown god.
   537 | D:1      | Reached XP level 2. HP: 15/19 MP: 4/7
   758 | D:1      | Found Loseh's Antique Weapon Emporium.
  1018 | D:1      | Reached XP level 3. HP: 19/25 MP: 2/9
  1022 | D:1      | Learned a level 3 spell: Frozen Ramparts
  1026 | D:1      | Learned a level 3 spell: Ozocubu's Armour
  1099 | D:2      | Reached skill level 5 in Spellcasting
  1151 | D:2      | Noticed Jessica
  1158 | D:2      | Killed Jessica
  1159 | D:2      | Reached skill level 1 in Fighting
  1159 | D:2      | Reached skill level 1 in Short Blades
  1159 | D:2      | Reached skill level 1 in Long Blades
  1159 | D:2      | Reached skill level 1 in Axes
  1159 | D:2      | Reached skill level 1 in Maces & Flails
  1159 | D:2      | Reached skill level 1 in Polearms
  1159 | D:2      | Reached skill level 1 in Staves
  1159 | D:2      | Reached skill level 1 in Slings
  1159 | D:2      | Reached skill level 1 in Bows
  1159 | D:2      | Reached skill level 1 in Crossbows
  1159 | D:2      | Reached skill level 1 in Throwing
  1159 | D:2      | Reached skill level 1 in Armour
  1159 | D:2      | Reached skill level 1 in Shields
  1159 | D:2      | Reached skill level 1 in Unarmed Combat
  1159 | D:2      | Reached skill level 1 in Invocations
  1159 | D:2      | Reached skill level 1 in Evocations
  1277 | D:2      | Reached XP level 4. HP: 26/32 MP: 7/11
  1935 | D:2      | Reached skill level 1 in Conjurations
  1935 | D:2      | Reached skill level 1 in Hexes
  1935 | D:2      | Reached skill level 1 in Summonings
  1935 | D:2      | Reached skill level 1 in Necromancy
  1935 | D:2      | Reached skill level 1 in Translocations
  1935 | D:2      | Reached skill level 1 in Transmutations
  1935 | D:2      | Reached skill level 1 in Fire Magic
  1935 | D:2      | Reached skill level 1 in Air Magic
  1935 | D:2      | Reached skill level 1 in Earth Magic
  1935 | D:2      | Reached skill level 1 in Poison Magic
  2321 | D:3      | Reached XP level 5. HP: 22/37 MP: 4/12
  2553 | D:3      | Learned a level 1 spell: Animate Skeleton
  2674 | D:3      | Found a glowing silver altar of Zin.
  2736 | D:3      | HP: 8/37 [orc (5)]
  2737 | D:3      | HP: 3/37 [orc (5)]
  3170 | D:3      | Found Himnoet's Antique Armour Emporium.
  3176 | D:3      | Bought a pair of glowing boots for 165 gold pieces
  3193 | D:3      | Found a shimmering blue altar of Sif Muna.
  3509 | D:4      | Noticed an ogre
  3554 | D:3      | Killed an ogre
  3555 | D:3      | Reached skill level 2 in Invocations
  3555 | D:3      | Reached XP level 6. HP: 17/44 MP: 4/13
  3793 | D:4      | Noticed Duvessa
  3793 | D:4      | Noticed Dowan
  3808 | D:4      | Killed Duvessa
  3809 | D:4      | Reached skill level 2 in Fighting
  3809 | D:4      | Reached skill level 2 in Short Blades
  3809 | D:4      | Reached skill level 2 in Long Blades
  3809 | D:4      | Reached skill level 2 in Axes
  3809 | D:4      | Reached skill level 2 in Maces & Flails
  3809 | D:4      | Reached skill level 2 in Polearms
  3809 | D:4      | Reached skill level 2 in Staves
  3809 | D:4      | Reached skill level 2 in Slings
  3809 | D:4      | Reached skill level 2 in Bows
  3809 | D:4      | Reached skill level 2 in Crossbows
  3809 | D:4      | Reached skill level 2 in Throwing
  3809 | D:4      | Reached skill level 2 in Armour
  3809 | D:4      | Reached skill level 5 in Dodging
  3809 | D:4      | Reached skill level 2 in Shields
  3809 | D:4      | Reached skill level 2 in Unarmed Combat
  3809 | D:4      | Reached skill level 2 in Evocations
  3818 | D:4      | Killed Dowan
  4000 | D:4      | Reached XP level 7. HP: 50/50 MP: 10/15
  4250 | D:4      | Noticed Grinder
  4264 | D:4      | Reached skill level 2 in Conjurations
  4264 | D:4      | Reached skill level 2 in Hexes
  4264 | D:4      | Reached skill level 2 in Summonings
  4264 | D:4      | Reached skill level 2 in Necromancy
  4264 | D:4      | Reached skill level 2 in Translocations
  4264 | D:4      | Reached skill level 2 in Transmutations
  4264 | D:4      | Reached skill level 2 in Fire Magic
  4264 | D:4      | Reached skill level 2 in Air Magic
  4264 | D:4      | Reached skill level 2 in Earth Magic
  4264 | D:4      | Reached skill level 2 in Poison Magic
  4271 | D:4      | Paralysed by Grinder for 4 turns
  4279 | D:4      | Paralysed by Grinder for 6 turns
  4286 | D:4      | Paralysed by Grinder for 3 turns
  4307 | D:4      | Paralysed by Grinder for 4 turns
  4602 | D:3      | Learned a level 1 spell: Pain
  4623 | D:4      | Killed Grinder
  4624 | D:4      | Reached skill level 5 in Stealth
  4624 | D:4      | Reached skill level 3 in Invocations
  5241 | D:5      | Entered Level 5 of the Dungeon
  5398 | D:5      | Reached XP level 8. HP: 24/57 MP: 9/16
  5400 | D:5      | HP: 14/57 [poisoned by a water moccasin]
  5405 | D:5      | HP: 8/57 [poisoned by a water moccasin]
  5725 | D:5      | Noticed a yak
  5725 | D:5      | Noticed a yak
  5742 | D:5      | Killed a yak
  5743 | D:5      | Reached skill level 3 in Fighting
  5743 | D:5      | Reached skill level 3 in Short Blades
  5743 | D:5      | Reached skill level 3 in Long Blades
  5743 | D:5      | Reached skill level 3 in Axes
  5743 | D:5      | Reached skill level 3 in Maces & Flails
  5743 | D:5      | Reached skill level 3 in Polearms
  5743 | D:5      | Reached skill level 3 in Staves
  5743 | D:5      | Reached skill level 3 in Slings
  5743 | D:5      | Reached skill level 3 in Bows
  5743 | D:5      | Reached skill level 3 in Crossbows
  5743 | D:5      | Reached skill level 3 in Throwing
  5743 | D:5      | Reached skill level 3 in Armour
  5743 | D:5      | Reached skill level 3 in Shields
  5743 | D:5      | Reached skill level 3 in Unarmed Combat
  5743 | D:5      | Reached skill level 3 in Evocations
  5755 | D:5      | Noticed a yak
  5757 | D:5      | Noticed a yak
  5761 | D:5      | Noticed a yak
  5762 | D:5      | Killed a yak
  5763 | D:5      | Reached skill level 6 in Spellcasting
  5763 | D:5      | Noticed a yak
  5927 | D:5      | Learned a level 1 spell: Magic Dart
  5930 | D:5      | Learned a level 2 spell: Call Imp
  5934 | D:5      | Learned a level 3 spell: Mephitic Cloud
  6202 | D:5      | Found an opulent altar of Gozag.
  6327 | D:5      | Killed a yak
  6383 | D:5      | Killed a yak
  6384 | D:5      | Reached skill level 3 in Conjurations
  6384 | D:5      | Reached skill level 3 in Hexes
  6384 | D:5      | Reached skill level 3 in Summonings
  6384 | D:5      | Reached skill level 3 in Necromancy
  6384 | D:5      | Reached skill level 3 in Translocations
  6384 | D:5      | Reached skill level 3 in Transmutations
  6384 | D:5      | Reached skill level 3 in Fire Magic
  6384 | D:5      | Reached skill level 3 in Air Magic
  6384 | D:5      | Reached skill level 3 in Earth Magic
  6384 | D:5      | Reached skill level 3 in Poison Magic
  6384 | D:5      | Reached skill level 4 in Invocations
  6390 | D:5      | Killed a yak
  6391 | D:5      | Reached skill level 6 in Dodging
  6391 | D:5      | Reached XP level 9. HP: 52/65 MP: 5/18
  6598 | D:5      | Reached skill level 4 in Fighting
  6598 | D:5      | Reached skill level 4 in Short Blades
  6598 | D:5      | Reached skill level 4 in Long Blades
  6598 | D:5      | Reached skill level 4 in Axes
  6598 | D:5      | Reached skill level 4 in Maces & Flails
  6598 | D:5      | Reached skill level 4 in Polearms
  6598 | D:5      | Reached skill level 4 in Staves
  6598 | D:5      | Reached skill level 4 in Slings
  6598 | D:5      | Reached skill level 4 in Bows
  6598 | D:5      | Reached skill level 4 in Crossbows
  6598 | D:5      | Reached skill level 4 in Throwing
  6598 | D:5      | Reached skill level 4 in Armour
  6598 | D:5      | Reached skill level 4 in Shields
  6598 | D:5      | Reached skill level 4 in Unarmed Combat
  6598 | D:5      | Reached skill level 4 in Evocations
  6908 | D:6      | Identified 2 scrolls of acquirement
  6908 | D:6      | Acquired 856 gold pieces
  7102 | D:6      | Found a sand-covered staircase.
  7114 | Ossuary  | Entered an ossuary
  7286 | Ossuary  | Reached skill level 6 in Stealth
  7286 | Ossuary  | Reached skill level 8 in Ice Magic
  8152 | D:1      | Bought a masterwork battleaxe for 207 gold pieces
  8152 | D:1      | Identified the +6 battleaxe of Punishment {pain, Drain
                  | rPois rF+++ rC+++} (You bought it in a shop on level 1 of
                  | the Dungeon)
  8721 | D:7      | Identified the +5 scimitar "Killer Bee's Doom" {vamp, rN+}
  8870 | D:7      | Found a flagged portal.
  8888 | Bailey   | Entered a bailey
  9043 | Bailey   | Reached skill level 5 in Invocations
  9165 | Bailey   | Found a burning altar of Makhleb.
  9290 | D:7      | Reached skill level 7 in Spellcasting
  9290 | D:7      | Reached XP level 10. HP: 40/73 MP: 10/20
  9441 | D:7      | Found a staircase to the Ecumenical Temple.
  9505 | D:7      | Reached skill level 4 in Conjurations
  9505 | D:7      | Reached skill level 4 in Hexes
  9505 | D:7      | Reached skill level 4 in Summonings
  9505 | D:7      | Reached skill level 4 in Necromancy
  9505 | D:7      | Reached skill level 4 in Translocations
  9505 | D:7      | Reached skill level 4 in Transmutations
  9505 | D:7      | Reached skill level 4 in Fire Magic
  9505 | D:7      | Reached skill level 4 in Air Magic
  9505 | D:7      | Reached skill level 4 in Earth Magic
  9505 | D:7      | Reached skill level 4 in Poison Magic
  9702 | D:7      | Reached skill level 5 in Fighting
  9702 | D:7      | Reached skill level 5 in Short Blades
  9702 | D:7      | Reached skill level 5 in Long Blades
  9702 | D:7      | Reached skill level 5 in Axes
  9702 | D:7      | Reached skill level 5 in Maces & Flails
  9702 | D:7      | Reached skill level 5 in Polearms
  9702 | D:7      | Reached skill level 5 in Staves
  9702 | D:7      | Reached skill level 5 in Slings
  9702 | D:7      | Reached skill level 5 in Bows
  9702 | D:7      | Reached skill level 5 in Crossbows
  9702 | D:7      | Reached skill level 5 in Throwing
  9702 | D:7      | Reached skill level 5 in Armour
  9702 | D:7      | Reached skill level 5 in Shields
  9702 | D:7      | Reached skill level 5 in Unarmed Combat
  9702 | D:7      | Reached skill level 5 in Evocations
  9894 | D:7      | Found a glowing golden altar of the Shining One.
 10220 | Temple   | Entered the Ecumenical Temple
 10291 | Temple   | Became a worshipper of Ashenzari the Shackled
 10366 | D:7      | Found a snail-covered altar of Cheibriados.
 10367 | D:7      | Found an ornate altar of the Wu Jian Council.
 10368 | D:7      | Found an ancient bone altar of Kikubaaqudgha.
 10369 | D:7      | Found a bloodstained altar of Trog.
 10370 | D:7      | Found a stormy altar of Qazlal.
 10371 | D:7      | Found a hazy altar of Hepliaklqana.
 10372 | D:7      | Found a burning altar of Makhleb.
 10603 | D:8      | Reached skill level 7 in Dodging
 11583 | D:8      | Reached skill level 6 in Invocations
 11894 | D:9      | Reached skill level 7 in Stealth
 12076 | D:9      | Found a shimmering altar of Xom.
 12108 | D:9      | Identified the +3 great sword of Descent {antimagic, rC+++
                  | Str+7 Stlth-}
 12330 | D:9      | Noticed a kobold demonologist
 12486 | D:9      | Reached XP level 11. HP: 43/82 MP: 11/23
 12715 | D:9      | Reached skill level 6 in Fighting
 12715 | D:9      | Reached skill level 6 in Short Blades
 12715 | D:9      | Reached skill level 6 in Long Blades
 12715 | D:9      | Reached skill level 6 in Axes
 12715 | D:9      | Reached skill level 6 in Maces & Flails
 12715 | D:9      | Reached skill level 6 in Polearms
 12715 | D:9      | Reached skill level 6 in Staves
 12715 | D:9      | Reached skill level 6 in Slings
 12715 | D:9      | Reached skill level 6 in Bows
 12715 | D:9      | Reached skill level 6 in Crossbows
 12715 | D:9      | Reached skill level 6 in Throwing
 12715 | D:9      | Reached skill level 6 in Armour
 12715 | D:9      | Reached skill level 6 in Shields
 12715 | D:9      | Reached skill level 6 in Unarmed Combat
 12715 | D:9      | Reached skill level 6 in Evocations
 12717 | D:9      | Reached skill level 5 in Conjurations
 12717 | D:9      | Reached skill level 5 in Hexes
 12717 | D:9      | Reached skill level 5 in Summonings
 12717 | D:9      | Reached skill level 5 in Necromancy
 12717 | D:9      | Reached skill level 5 in Translocations
 12717 | D:9      | Reached skill level 5 in Transmutations
 12717 | D:9      | Reached skill level 5 in Fire Magic
 12717 | D:9      | Reached skill level 5 in Air Magic
 12717 | D:9      | Reached skill level 5 in Earth Magic
 12717 | D:9      | Reached skill level 5 in Poison Magic
 13176 | D:9      | Reached skill level 8 in Spellcasting
 13262 | D:9      | Found a staircase to the Orcish Mines.
 13464 | D:10     | Entered Level 10 of the Dungeon
 13659 | D:10     | Noticed a sixfirhy
 13660 | D:10     | HP: 16/83 [sixfirhy[a kobold demonologist] (8)]
 14030 | D:10     | Noticed a two-headed ogre
 14041 | D:10     | Killed a two-headed ogre
 14042 | D:10     | Reached skill level 9 in Ice Magic
 14042 | D:10     | Reached skill level 7 in Invocations
 14221 | D:10     | Found a radiant altar of Vehumet.
 14299 | D:10     | Noticed Snorg
 14312 | D:10     | Reached skill level 8 in Dodging
 14363 | D:10     | Found a staircase to the Lair.
 14602 | D:10     | HP: 21/84 [Snorg (2)]
 15429 | D:11     | Noticed a two-headed ogre
 15432 | D:11     | Noticed a cyclops
 15439 | D:11     | Killed a two-headed ogre
 15445 | D:11     | Killed a cyclops
 15446 | D:11     | Reached skill level 8 in Stealth
 15505 | D:11     | Noticed Grum
 15582 | D:11     | Killed Grum
 15889 | D:11     | Reached XP level 12. HP: 84/91 MP: 22/25
 16304 | D:11     | Reached skill level 7 in Fighting
 16304 | D:11     | Reached skill level 7 in Short Blades
 16304 | D:11     | Reached skill level 7 in Long Blades
 16304 | D:11     | Reached skill level 7 in Axes
 16304 | D:11     | Reached skill level 7 in Maces & Flails
 16304 | D:11     | Reached skill level 7 in Polearms
 16304 | D:11     | Reached skill level 7 in Staves
 16304 | D:11     | Reached skill level 7 in Slings
 16304 | D:11     | Reached skill level 7 in Bows
 16304 | D:11     | Reached skill level 7 in Crossbows
 16304 | D:11     | Reached skill level 7 in Throwing
 16304 | D:11     | Reached skill level 7 in Armour
 16304 | D:11     | Reached skill level 7 in Shields
 16304 | D:11     | Reached skill level 7 in Unarmed Combat
 16304 | D:11     | Reached skill level 7 in Evocations
 16725 | D:12     | Found Zin's Purification Station.
 16725 | D:12     | Found a glowing silver altar of Zin.
 16730 | D:12     | Bought a potion of curing for 90 gold pieces
 16936 | D:12     | Noticed a two-headed ogre
 16937 | D:12     | Noticed an eight-headed hydra
 16945 | D:12     | Killed a two-headed ogre
 16967 | D:12     | Killed an eight-headed hydra
 16968 | D:12     | Reached skill level 6 in Conjurations
 16968 | D:12     | Reached skill level 6 in Hexes
 16968 | D:12     | Reached skill level 6 in Summonings
 16968 | D:12     | Reached skill level 6 in Necromancy
 16968 | D:12     | Reached skill level 6 in Translocations
 16968 | D:12     | Reached skill level 6 in Transmutations
 16968 | D:12     | Reached skill level 6 in Fire Magic
 16968 | D:12     | Reached skill level 6 in Air Magic
 16968 | D:12     | Reached skill level 6 in Earth Magic
 16968 | D:12     | Reached skill level 6 in Poison Magic
 17089 | D:12     | Reached skill level 8 in Invocations
 17090 | D:12     | Reached skill level 9 in Spellcasting
 17095 | D:12     | HP: 19/92 [slime creature (11)]
 17096 | D:12     | HP: 7/92 [slime creature (12)]
 17182 | D:12     | Noticed Rupert
 17518 | D:12     | Acquired the -1 helmet of Darkness {Will+ Dex+2}
 17525 | D:12     | Identified the +4 falchion of Popular Demand {venom, rF+
                  | Will+ Str+3 Dex-4}
 17820 | D:12     | Noticed a six-headed hydra
 17834 | D:12     | Killed a ten-headed hydra
 17861 | D:12     | Noticed Nergalle
 17869 | D:12     | Killed Nergalle
 18120 | D:12     | Noticed a two-headed ogre
 18122 | D:12     | Reached * piety under Ashenzari
 18122 | D:12     | Reached ** piety under Ashenzari
 18133 | D:12     | HP: 24/97 [two-headed ogre (12)]
 18135 | D:12     | Killed a two-headed ogre
 18136 | D:12     | Reached skill level 9 in Dodging
 18497 | D:12     | Killed Rupert
 18546 | D:12     | Noticed a two-headed ogre
 18551 | D:12     | Killed a two-headed ogre
 18552 | D:12     | Reached skill level 9 in Stealth
 18552 | D:12     | Reached XP level 13. HP: 89/103 MP: 19/28
 19043 | D:13     | Reached skill level 8 in Fighting
 19043 | D:13     | Reached skill level 8 in Short Blades
 19043 | D:13     | Reached skill level 8 in Long Blades
 19043 | D:13     | Reached skill level 8 in Axes
 19043 | D:13     | Reached skill level 8 in Maces & Flails
 19043 | D:13     | Reached skill level 8 in Polearms
 19043 | D:13     | Reached skill level 8 in Staves
 19043 | D:13     | Reached skill level 8 in Slings
 19043 | D:13     | Reached skill level 8 in Bows
 19043 | D:13     | Reached skill level 8 in Crossbows
 19043 | D:13     | Reached skill level 8 in Throwing
 19043 | D:13     | Reached skill level 8 in Armour
 19043 | D:13     | Reached skill level 8 in Shields
 19043 | D:13     | Reached skill level 8 in Unarmed Combat
 19043 | D:13     | Reached skill level 8 in Evocations
 19895 | D:13     | Found a gate to the Vaults.
 19992 | D:13     | Identified the Disquisition on Clay and Orientation
 20073 | D:13     | HP: 24/104 [skeletal warrior[a skeletal warrior] (8)]
 20075 | D:13     | HP: 5/104 [skeletal warrior[a skeletal warrior] (7)]
 20791 | D:13     | Reached skill level 9 in Invocations
 21004 | D:13     | HP: 21/104 [skeletal warrior[a skeletal warrior] (8)]
 21359 | D:13     | Reached skill level 10 in Ice Magic
 21794 | D:13     | Reached skill level 7 in Conjurations
 21794 | D:13     | Reached skill level 7 in Hexes
 21794 | D:13     | Reached skill level 7 in Summonings
 21794 | D:13     | Reached skill level 7 in Necromancy
 21794 | D:13     | Reached skill level 7 in Translocations
 21794 | D:13     | Reached skill level 7 in Transmutations
 21794 | D:13     | Reached skill level 7 in Fire Magic
 21794 | D:13     | Reached skill level 7 in Air Magic
 21794 | D:13     | Reached skill level 7 in Earth Magic
 21794 | D:13     | Reached skill level 7 in Poison Magic
 22347 | D:14     | Noticed Louise
 22372 | D:14     | Killed Louise
 22932 | D:14     | Reached skill level 10 in Spellcasting
 23352 | D:14     | Noticed Nessos
 23506 | D:14     | Reached XP level 14. HP: 104/113 MP: 27/30
 23641 | D:14     | Killed Nessos
 23696 | D:15     | Entered Level 15 of the Dungeon
 23770 | D:15     | Noticed Jorgrun
 23773 | D:15     | Reached skill level 10 in Dodging
 23862 | D:15     | HP: 22/113 [Jorgrun (11)]
 23864 | D:15     | Killed Jorgrun
 23865 | D:15     | Reached skill level 9 in Fighting
 23865 | D:15     | Reached skill level 9 in Short Blades
 23865 | D:15     | Reached skill level 9 in Long Blades
 23865 | D:15     | Reached skill level 9 in Axes
 23865 | D:15     | Reached skill level 9 in Maces & Flails
 23865 | D:15     | Reached skill level 9 in Polearms
 23865 | D:15     | Reached skill level 9 in Staves
 23865 | D:15     | Reached skill level 9 in Slings
 23865 | D:15     | Reached skill level 9 in Bows
 23865 | D:15     | Reached skill level 9 in Crossbows
 23865 | D:15     | Reached skill level 9 in Throwing
 23865 | D:15     | Reached skill level 9 in Armour
 23865 | D:15     | Reached skill level 9 in Shields
 23865 | D:15     | Reached skill level 9 in Unarmed Combat
 23865 | D:15     | Reached skill level 9 in Evocations
 24235 | D:15     | Reached skill level 10 in Stealth
 24635 | D:15     | Found a staircase to the Depths.
 24656 | D:15     | Reached skill level 10 in Invocations
 24852 | D:15     | Found Hiama's Book Shop.
 24901 | D:15     | HP: 22/113 [orc knight (8)]
 24906 | D:15     | HP: 9/113 [orc knight (4)]
 25903 | D:15     | Found a sacrificial altar of Ru.
 26071 | D:15     | Found a stormy altar of Qazlal.
 26174 | D:15     | Identified the +5 chain mail "Hodwol" {+Inv rN+ Regen+
                  | Str-5}
 26759 | Orc:1    | Entered Level 1 of the Orcish Mines
 26783 | Orc:1    | Learned a level 4 spell: Olgreb's Toxic Radiance
 26789 | Orc:1    | Learned a level 5 spell: Bolt of Magma
 26807 | Orc:1    | Learned a level 5 spell: Summon Mana Viper
 26905 | Orc:1    | HP: 28/113 [two-headed ogre (4)]
 27431 | Orc:2    | Entered Level 2 of the Orcish Mines
 27457 | Orc:2    | Reached *** piety under Ashenzari
 27464 | Orc:2    | Found a gate leading to a gauntlet.
 27473 | Gauntlet | Entered a Gauntlet
 27473 | Gauntlet | Found a transporter.
 27483 | Gauntlet | Found a transporter.
 27498 | Gauntlet | Found a transporter.
 27503 | Gauntlet | Found a transporter.
 27518 | Gauntlet | Found a transporter.
 27537 | Gauntlet | Found a transporter.
 27553 | Gauntlet | Found a transporter.
 27576 | Gauntlet | Identified the +0 pair of boots of the Hills {Rampage rPois
                  | Int-4 Dex+3}
 27576 | Gauntlet | Found a transporter.
 27579 | Gauntlet | Noticed a cacodemon
 27594 | Gauntlet | Found a large runed translucent door.
 27595 | Gauntlet | Found a large runed translucent door.
 27597 | Gauntlet | Found a runed translucent gate.
 27598 | Gauntlet | Identified the +1 robe "Hedghi" {MP+9 Str+4}
 27598 | Gauntlet | Found a transporter.
 27598 | Gauntlet | Found a runed translucent gate.
 27599 | Gauntlet | Found a large runed translucent door.
 27600 | Gauntlet | Found a large runed translucent door.
 27601 | Gauntlet | Found a large runed translucent door.
 27601 | Gauntlet | Found a large runed translucent door.
 27601 | Gauntlet | Found a runed translucent door.
 27602 | Gauntlet | Found a large runed translucent door.
 27603 | Gauntlet | Found a large runed translucent door.
 27609 | Gauntlet | Found a runed translucent gate.
 27610 | Gauntlet | Found a large runed translucent door.
 27611 | Gauntlet | Identified the ring of Descent {rElec rC- EV+4 Int+4}
 27611 | Gauntlet | Found a large runed translucent door.
 27612 | Gauntlet | Found a large runed translucent door.
 27619 | Gauntlet | Identified the amulet "Seplimn" {rPois Regen+}
 27620 | Gauntlet | Found a transporter.
 27622 | Gauntlet | Found a large runed translucent door.
 27623 | Gauntlet | Found a large runed translucent door.
 27623 | Gauntlet | Found a large runed translucent door.
 27623 | Gauntlet | Found a runed translucent door.
 27624 | Gauntlet | Found a large runed translucent door.
 27625 | Gauntlet | Found a large runed translucent door.
 27632 | Gauntlet | Identified the +3 mace "Beeny" {drain, rF+ rCorr Int+8
                  | Stlth-}
 27647 | Gauntlet | Found a transporter.
 27665 | Gauntlet | Found a transporter.
 27667 | Gauntlet | Found a transporter.
 27715 | Gauntlet | Found a transporter.
 27717 | Gauntlet | Found a transporter.
 27718 | Gauntlet | Found a transporter.
 27746 | Gauntlet | Reached **** piety under Ashenzari
 27965 | Gauntlet | Found a transporter.
 27970 | Gauntlet | Found a transporter.
 28231 | Gauntlet | Identified the Guide on Curses and Darkness
 28241 | Gauntlet | Reached skill level 8 in Conjurations
 28241 | Gauntlet | Reached skill level 8 in Hexes
 28241 | Gauntlet | Reached skill level 8 in Summonings
 28241 | Gauntlet | Reached skill level 8 in Necromancy
 28241 | Gauntlet | Reached skill level 8 in Translocations
 28241 | Gauntlet | Reached skill level 8 in Transmutations
 28241 | Gauntlet | Reached skill level 8 in Fire Magic
 28241 | Gauntlet | Reached skill level 8 in Air Magic
 28241 | Gauntlet | Reached skill level 8 in Earth Magic
 28241 | Gauntlet | Reached skill level 8 in Poison Magic
 28736 | Orc:2    | Found a staircase to the Elven Halls.
 29148 | Orc:2    | Reached XP level 15. HP: 116/126 MP: 24/34
 29194 | Orc:2    | Reached skill level 11 in Spellcasting
 29238 | Orc:2    | Paralysed by an ogre mage for 3 turns
 29378 | Orc:2    | Found Iguvefe's Armour Shoppe.
 29378 | Orc:2    | Found Ishuovuy's Distillery.
 29379 | Orc:2    | Found Tubor's Distillery.
 29379 | Orc:2    | Found Maifrefu's Weapon Shoppe.
 29388 | Orc:2    | Bought a potion of curing for 54 gold pieces
 29388 | Orc:2    | Bought a potion of curing for 54 gold pieces
 29388 | Orc:2    | Bought a potion of heal wounds for 90 gold pieces
 29388 | Orc:2    | Bought a potion of heal wounds for 90 gold pieces
 29388 | Orc:2    | Bought a potion of heal wounds for 90 gold pieces
 29388 | Orc:2    | Bought a potion of curing for 54 gold pieces
 29390 | Orc:2    | Bought a potion of curing for 48 gold pieces
 29390 | Orc:2    | Bought a potion of curing for 48 gold pieces
 29390 | Orc:2    | Bought a potion of heal wounds for 80 gold pieces
 29390 | Orc:2    | Bought a potion of curing for 48 gold pieces
 29450 | Orc:2    | Reached skill level 10 in Fighting
 29450 | Orc:2    | Reached skill level 10 in Short Blades
 29450 | Orc:2    | Reached skill level 10 in Long Blades
 29450 | Orc:2    | Reached skill level 10 in Axes
 29450 | Orc:2    | Reached skill level 10 in Maces & Flails
 29450 | Orc:2    | Reached skill level 10 in Polearms
 29450 | Orc:2    | Reached skill level 10 in Staves
 29450 | Orc:2    | Reached skill level 10 in Slings
 29450 | Orc:2    | Reached skill level 10 in Bows
 29450 | Orc:2    | Reached skill level 10 in Crossbows
 29450 | Orc:2    | Reached skill level 10 in Throwing
 29450 | Orc:2    | Reached skill level 10 in Armour
 29450 | Orc:2    | Reached skill level 10 in Shields
 29450 | Orc:2    | Reached skill level 10 in Unarmed Combat
 29450 | Orc:2    | Reached skill level 10 in Evocations
 29779 | Lair:1   | Entered Level 1 of the Lair of Beasts
 30261 | Lair:1   | Reached skill level 11 in Dodging
 30819 | Lair:2   | Reached ***** piety under Ashenzari
 30920 | Lair:2   | Reached skill level 11 in Ice Magic
 31461 | Lair:2   | Identified the +3 dagger of Conscience {vorpal, Fly rCorr}
 31479 | Lair:2   | Reached skill level 11 in Invocations
 32056 | Lair:3   | Reached skill level 11 in Stealth
 32218 | Lair:3   | Reached ****** piety under Ashenzari
 32247 | Lair:3   | Found a stormy altar of Qazlal.
 32614 | Lair:3   | Found a hole to the Spider Nest.
 33221 | Lair:4   | Found a staircase to the Swamp.
 33790 | Lair:5   | Learned a level 6 spell: Shadow Creatures
 33900 | Lair:5   | Noticed Sonja
 33906 | Lair:5   | Cast into level 1 of the Abyss (Sonja)
 33914 | Lair:5   | Escaped the Abyss
 33919 | Lair:5   | HP: 30/138 [reaper (9)]
 33923 | Lair:5   | HP: 6/138 [reaper (21)]
 33931 | Lair:5   | Killed Sonja
 34663 | Lair:5   | Reached XP level 16. HP: 146/146 MP: 36/40
 34907 | Lair:6   | Entered Level 6 of the Lair of Beasts
 34918 | Lair:6   | Reached skill level 9 in Conjurations
 34918 | Lair:6   | Reached skill level 9 in Hexes
 34918 | Lair:6   | Reached skill level 9 in Summonings
 34918 | Lair:6   | Reached skill level 9 in Necromancy
 34918 | Lair:6   | Reached skill level 9 in Translocations
 34918 | Lair:6   | Reached skill level 9 in Transmutations
 34918 | Lair:6   | Reached skill level 9 in Fire Magic
 34918 | Lair:6   | Reached skill level 9 in Air Magic
 34918 | Lair:6   | Reached skill level 9 in Earth Magic
 34918 | Lair:6   | Reached skill level 9 in Poison Magic
 34922 | Lair:6   | HP: 35/146 [poisoned by a water moccasin]
 34923 | Lair:6   | Found a viscous altar of Jiyva.
 34923 | Lair:6   | Found a staircase to the Slime Pits.
 34923 | Lair:6   | HP: 15/146 [komodo dragon (13)]
 35343 | Lair:6   | Found a transporter.
 35363 | Lair:6   | Learned a level 6 spell: Simulacrum
 35456 | Lair:6   | Noticed anet's ghost (journeyman GnWz)
 35459 | Lair:6   | Found a transporter.
 35462 | Lair:6   | Found a one-way gate to the infinite horrors of the Abyss.
 35603 | Lair:6   | Found a large runed translucent door.
 35603 | Lair:6   | Found a large runed translucent door.
 36880 | Lair:6   | Killed anet's ghost
 36881 | Lair:6   | Reached skill level 11 in Fighting
 36881 | Lair:6   | Reached skill level 11 in Short Blades
 36881 | Lair:6   | Reached skill level 11 in Long Blades
 36881 | Lair:6   | Reached skill level 11 in Axes
 36881 | Lair:6   | Reached skill level 11 in Maces & Flails
 36881 | Lair:6   | Reached skill level 11 in Polearms
 36881 | Lair:6   | Reached skill level 11 in Staves
 36881 | Lair:6   | Reached skill level 11 in Slings
 36881 | Lair:6   | Reached skill level 11 in Bows
 36881 | Lair:6   | Reached skill level 11 in Crossbows
 36881 | Lair:6   | Reached skill level 11 in Throwing
 36881 | Lair:6   | Reached skill level 11 in Armour
 36881 | Lair:6   | Reached skill level 11 in Shields
 36881 | Lair:6   | Reached skill level 11 in Unarmed Combat
 36881 | Lair:6   | Reached skill level 11 in Evocations
 36948 | Lair:6   | Reached skill level 12 in Spellcasting
 36948 | Lair:6   | Reached skill level 12 in Invocations
 36948 | Lair:6   | Reached XP level 17. HP: 155/155 MP: 41/41
 36974 | Lair:6   | Upgraded the game from 0.27-a0-1591-gc56fcc985a to
                  | 0.27-a0-1595-g0b823d0a13
 37040 | Swamp:1  | Entered Level 1 of the Swamp
 37096 | Swamp:1  | Reached skill level 12 in Dodging
 37097 | Swamp:1  | HP: 38/155 [goliath frog (8)]
 37101 | Swamp:1  | HP: 17/155 [goliath frog (9)]
 38479 | Swamp:2  | Reached skill level 12 in Stealth
 38817 | Swamp:2  | HP: 38/155 [ghoul (8)]
 38818 | Swamp:2  | HP: 12/155 [ghoul (11)]
 38820 | Swamp:2  | Reached XP level 18. HP: 13/162 MP: 4/42
 40494 | Swamp:4  | Entered Level 4 of the Swamp
 41011 | Swamp:4  | Reached skill level 12 in Ice Magic
 41051 | Swamp:4  | Reached skill level 10 in Conjurations
 41051 | Swamp:4  | Reached skill level 10 in Hexes
 41051 | Swamp:4  | Reached skill level 10 in Summonings
 41051 | Swamp:4  | Reached skill level 10 in Necromancy
 41051 | Swamp:4  | Reached skill level 10 in Translocations
 41051 | Swamp:4  | Reached skill level 10 in Transmutations
 41051 | Swamp:4  | Reached skill level 10 in Fire Magic
 41051 | Swamp:4  | Reached skill level 10 in Air Magic
 41051 | Swamp:4  | Reached skill level 10 in Earth Magic
 41051 | Swamp:4  | Reached skill level 10 in Poison Magic
 41880 | Swamp:4  | Noticed the 27-headed Lernaean hydra
 41977 | Swamp:4  | Killed the 27-headed Lernaean hydra
 42045 | Swamp:4  | Got a decaying rune of Zot
 42124 | Swamp:4  | Identified the ring "Nurch" {Drain Will++ EV+4 Int+4
                  | Slay+3}
 42589 | D:10     | Killed Snorg
 42861 | Spider:1 | Entered Level 1 of the Spider Nest
 43207 | Spider:1 | Reached skill level 12 in Fighting
 43207 | Spider:1 | Reached skill level 12 in Short Blades
 43207 | Spider:1 | Reached skill level 12 in Long Blades
 43207 | Spider:1 | Reached skill level 12 in Axes
 43207 | Spider:1 | Reached skill level 12 in Maces & Flails
 43207 | Spider:1 | Reached skill level 12 in Polearms
 43207 | Spider:1 | Reached skill level 12 in Staves
 43207 | Spider:1 | Reached skill level 12 in Slings
 43207 | Spider:1 | Reached skill level 12 in Bows
 43207 | Spider:1 | Reached skill level 12 in Crossbows
 43207 | Spider:1 | Reached skill level 12 in Throwing
 43207 | Spider:1 | Reached skill level 12 in Armour
 43207 | Spider:1 | Reached skill level 12 in Shields
 43207 | Spider:1 | Reached skill level 12 in Unarmed Combat
 43207 | Spider:1 | Reached skill level 12 in Evocations
 43635 | Spider:1 | Reached skill level 13 in Invocations
 43878 | Spider:1 | Found a runed translucent gate.
 43879 | Spider:1 | Found a runed translucent gate.
 43879 | Spider:1 | Found a runed translucent gate.
 43882 | Spider:1 | Noticed Rokh's ghost (journeyman DsFi)
 43892 | Spider:1 | Identified the Guide on Transmutation
 44349 | Spider:1 | Killed Rokh's ghost
 44957 | Spider:2 | Reached XP level 19. HP: 148/166 MP: 36/42
 45056 | Spider:2 | Reached skill level 13 in Spellcasting
 46350 | Spider:3 | Reached skill level 13 in Dodging
 47541 | Spider:4 | Entered Level 4 of the Spider Nest
 47776 | Spider:4 | Reached skill level 13 in Stealth
 48154 | Spider:4 | HP: 39/169 [wolf spider (9)]
 48158 | Spider:4 | HP: 17/169 [ghost moth (9)]
 49030 | Spider:4 | Got a gossamer rune of Zot
 49347 | Elf:1    | Entered Level 1 of the Elven Halls
 49834 | D:15     | Learned a level 4 spell: Animate Dead
 49838 | D:15     | Learned a level 3 spell: Ignite Poison
 49838 | D:15     | Bought the Collected Works on Conjuration for 576 gold
                  | pieces
 49838 | D:15     | Bought a book of Burglary for 336 gold pieces
 49844 | D:15     | Learned a level 5 spell: Freezing Cloud
 49851 | D:15     | Learned a level 6 spell: Invisibility
 50614 | Elf:1    | Noticed Kirke
 50624 | Elf:1    | Killed Kirke
 50625 | Elf:1    | Reached skill level 11 in Conjurations
 50625 | Elf:1    | Reached skill level 11 in Hexes
 50625 | Elf:1    | Reached skill level 11 in Summonings
 50625 | Elf:1    | Reached skill level 11 in Necromancy
 50625 | Elf:1    | Reached skill level 11 in Translocations
 50625 | Elf:1    | Reached skill level 11 in Transmutations
 50625 | Elf:1    | Reached skill level 11 in Fire Magic
 50625 | Elf:1    | Reached skill level 11 in Air Magic
 50625 | Elf:1    | Reached skill level 11 in Earth Magic
 50625 | Elf:1    | Reached skill level 11 in Poison Magic
 50734 | Elf:1    | Found a runed translucent gate.
 50734 | Elf:1    | Found a runed translucent gate.
 50734 | Elf:1    | Found a runed translucent gate.
 50826 | Elf:1    | Reached XP level 20. HP: 169/178 MP: 39/45
 50849 | Elf:1    | Paralysed by an air elemental for 1 turns
 51306 | Elf:1    | Found a runed translucent gate.
 51306 | Elf:1    | Found a runed translucent gate.
 51306 | Elf:1    | Found a runed translucent gate.
 52129 | Elf:1    | Reached skill level 14 in Invocations
 52294 | Elf:1    | Reached skill level 13 in Fighting
 52294 | Elf:1    | Reached skill level 13 in Short Blades
 52294 | Elf:1    | Reached skill level 13 in Long Blades
 52294 | Elf:1    | Reached skill level 13 in Axes
 52294 | Elf:1    | Reached skill level 13 in Maces & Flails
 52294 | Elf:1    | Reached skill level 13 in Polearms
 52294 | Elf:1    | Reached skill level 13 in Staves
 52294 | Elf:1    | Reached skill level 13 in Slings
 52294 | Elf:1    | Reached skill level 13 in Bows
 52294 | Elf:1    | Reached skill level 13 in Crossbows
 52294 | Elf:1    | Reached skill level 13 in Throwing
 52294 | Elf:1    | Reached skill level 13 in Armour
 52294 | Elf:1    | Reached skill level 13 in Shields
 52294 | Elf:1    | Reached skill level 13 in Unarmed Combat
 52294 | Elf:1    | Reached skill level 13 in Evocations
 52838 | Elf:2    | HP: 41/178 [poisoned by a +1 glaive of venom]
 52839 | Elf:2    | HP: 17/178 [+1 glaive of venom (19)]
 53170 | Elf:2    | Reached skill level 13 in Ice Magic
 53413 | Elf:2    | Found a runed translucent gate.
 53414 | Elf:2    | Found a runed translucent gate.
 53414 | Elf:2    | Found a runed translucent gate.
 54383 | Elf:2    | Reached skill level 14 in Spellcasting
 55291 | Elf:3    | Entered Level 3 of the Elven Halls
 55291 | Elf:3    | Found Fimeq's Antique Weapon Boutique.
 55354 | Elf:3    | Reached skill level 14 in Dodging
 56062 | Elf:3    | Reached XP level 21. HP: 186/186 MP: 46/46
 56180 | Elf:3    | Reached skill level 14 in Stealth
 56238 | Elf:3    | HP: 16/161 [deep elf death mage/bolt of negative energy
                  | (34)]
 56984 | Elf:3    | HP: 37/169 [deep elf master archer/arrow (12)]
 57000 | Elf:3    | Identified the +3 scythe of Veeligon {flame, rC+++ rCorr
                  | Stlth-}
 57449 | Elf:3    | Reached skill level 14 in Short Blades
 58163 | Elf:3    | Identified the +10 quarterstaff "Pyxte" {drain, MP+9}
 58163 | Elf:3    | Identified the ring "Zibim" {rF++ rCorr Str+6}
 58222 | Elf:3    | Identified the +4 broad axe "Atzumnuuck" {vorpal, rC+ rN+
                  | Int+6 Stlth-}
 58934 | Elf:3    | Identified Sif Muna's Handbook of Hurtful Beguiling
 59319 | Depths:1 | Entered Level 1 of the Depths
 59434 | Vaults:1 | Entered Level 1 of the Vaults
 59789 | Vaults:1 | Reached skill level 14 in Maces & Flails
 59797 | Vaults:1 | Reached skill level 15 in Invocations
 59816 | Vaults:1 | Reached skill level 12 in Conjurations
 59816 | Vaults:1 | Reached skill level 12 in Hexes
 59816 | Vaults:1 | Reached skill level 12 in Summonings
 59816 | Vaults:1 | Reached skill level 12 in Necromancy
 59816 | Vaults:1 | Reached skill level 12 in Translocations
 59816 | Vaults:1 | Reached skill level 12 in Transmutations
 59816 | Vaults:1 | Reached skill level 12 in Fire Magic
 59816 | Vaults:1 | Reached skill level 12 in Air Magic
 59816 | Vaults:1 | Reached skill level 12 in Earth Magic
 59816 | Vaults:1 | Reached skill level 12 in Poison Magic
 60111 | Vaults:1 | Noticed Donald
 60113 | Vaults:1 | Found Ijigheof's Distillery.
 60121 | Vaults:1 | Killed Donald
 60122 | Vaults:1 | Reached skill level 14 in Fighting
 60122 | Vaults:1 | Reached skill level 14 in Long Blades
 60122 | Vaults:1 | Reached skill level 14 in Axes
 60122 | Vaults:1 | Reached skill level 14 in Polearms
 60122 | Vaults:1 | Reached skill level 14 in Staves
 60122 | Vaults:1 | Reached skill level 14 in Slings
 60122 | Vaults:1 | Reached skill level 14 in Bows
 60122 | Vaults:1 | Reached skill level 14 in Crossbows
 60122 | Vaults:1 | Reached skill level 14 in Throwing
 60122 | Vaults:1 | Reached skill level 14 in Armour
 60122 | Vaults:1 | Reached skill level 14 in Shields
 60122 | Vaults:1 | Reached skill level 14 in Unarmed Combat
 60122 | Vaults:1 | Reached skill level 14 in Evocations
 60202 | Vaults:1 | Bought a potion of heal wounds for 75 gold pieces
 60202 | Vaults:1 | Bought a potion of curing for 45 gold pieces
 60202 | Vaults:1 | Bought a potion of haste for 150 gold pieces
 60202 | Vaults:1 | Bought a potion of curing for 45 gold pieces
 60926 | Vaults:1 | HP: 43/187 [vault warden (4)]
 60929 | Vaults:1 | Reached XP level 22. HP: 35/194 MP: 5/48
 60939 | Vaults:1 | HP: 22/194 [yaktaur/bolt[a vault warden] (18)]
 61593 | Vaults:1 | Noticed Aizul
 61604 | Vaults:1 | Killed Aizul
 61796 | Vaults:1 | Reached skill level 15 in Short Blades
 62006 | Vaults:2 | Identified the +9 morningstar of Romp {pain, Str+6 Int-3}
 62027 | Vaults:2 | Identified the Incunabulum of the Arsonist
 62527 | Vaults:2 | HP: 46/195 [vault warden (17)]
 62531 | Vaults:2 | HP: 15/196 [vault warden (17)]
 62532 | Vaults:2 | Reached skill level 15 in Spellcasting
 63726 | Vaults:2 | Found a staircase to the Crypt.
 63747 | Vaults:2 | Reached skill level 15 in Maces & Flails
 63747 | Vaults:2 | Reached skill level 15 in Dodging
 63920 | Vaults:2 | Identified the +1 ring mail "Orowkutz" {rCorr Slay+2}
 63920 | Vaults:2 | Identified Wegimm's Guide on Clay
 63932 | Vaults:2 | Reached skill level 14 in Ice Magic
 64067 | Vaults:2 | Learned a level 8 spell: Lehudib's Crystal Spear
 64319 | Vaults:2 | Reached skill level 15 in Stealth
 65324 | Vaults:3 | Reached XP level 23. HP: 146/198 MP: 21/47
 65502 | Vaults:3 | Reached skill level 16 in Short Blades
 66218 | Vaults:3 | HP: 43/180 [war gargoyle[a peacekeeper] (23)]
 66219 | Vaults:3 | HP: 15/166 [war gargoyle[a peacekeeper] (7)]
 66224 | Vaults:3 | HP: 32/163 [war gargoyle[a peacekeeper] (7)]
 66225 | Vaults:3 | HP: 2/160 [war gargoyle/spray of metal splinters[a
                  | peacekeeper] (30)]
 66749 | Vaults:3 | Noticed Saint Roka
 67333 | Vaults:3 | Killed Saint Roka
 68124 | Vaults:3 | Learned a level 7 spell: Spellforged Servitor
 68176 | Vaults:4 | Reached skill level 16 in Invocations
 68176 | Vaults:4 | HP: 37/188 [orc knight (24)]
 68583 | Vaults:4 | Found a flickering gateway to a bazaar.
 68595 | Bazaar   | Entered a bazaar
 68609 | Bazaar   | Found Fyagh's Distillery.
 68614 | Bazaar   | Bought a potion of curing for 33 gold pieces
 68614 | Bazaar   | Bought a potion of curing for 33 gold pieces
 68614 | Bazaar   | Bought a potion of heal wounds for 55 gold pieces
 68614 | Bazaar   | Bought a potion of haste for 110 gold pieces
 68614 | Bazaar   | Bought a potion of heal wounds for 55 gold pieces
 68622 | Bazaar   | Found Daz Cieji's Magic Scroll Shoppe.
 68643 | Bazaar   | Found Paedexy's Magic Scroll Shoppe.
 68659 | Bazaar   | Found Zaotus's Distillery.
 68684 | Bazaar   | Bought a scroll of acquirement for 520 gold pieces
 68684 | Bazaar   | Acquired the amulet "Acateabe" {Reflect Fly rCorr Str-2
                  | SH+5}
 68687 | Bazaar   | Bought a scroll of fear for 35 gold pieces
 68687 | Bazaar   | Bought a scroll of fog for 20 gold pieces
 68687 | Bazaar   | Bought a scroll of teleportation for 30 gold pieces
 68687 | Bazaar   | Bought a scroll of amnesia for 35 gold pieces
 68687 | Bazaar   | Bought a scroll of amnesia for 35 gold pieces
 68711 | Bazaar   | Bought a scroll of teleportation for 39 gold pieces
 68711 | Bazaar   | Bought a scroll of blinking for 97 gold pieces
 68711 | Bazaar   | Bought a scroll of magic mapping for 45 gold pieces
 68730 | Bazaar   | Bought a potion of lignification for 33 gold pieces
 68730 | Bazaar   | Bought a potion of might for 44 gold pieces
 68730 | Bazaar   | Bought a potion of mutation for 88 gold pieces
 68762 | Bazaar   | Bought a potion of curing for 57 gold pieces
 68762 | Bazaar   | Bought a potion of might for 76 gold pieces
 68762 | Bazaar   | Bought a potion of magic for 152 gold pieces
 68762 | Bazaar   | Bought a potion of mutation for 152 gold pieces
 69776 | Vaults:4 | Reached skill level 16 in Maces & Flails
 70113 | Vaults:4 | Reached skill level 15 in Fighting
 70113 | Vaults:4 | Reached skill level 15 in Long Blades
 70113 | Vaults:4 | Reached skill level 15 in Axes
 70113 | Vaults:4 | Reached skill level 15 in Polearms
 70113 | Vaults:4 | Reached skill level 15 in Staves
 70113 | Vaults:4 | Reached skill level 15 in Slings
 70113 | Vaults:4 | Reached skill level 15 in Bows
 70113 | Vaults:4 | Reached skill level 15 in Crossbows
 70113 | Vaults:4 | Reached skill level 15 in Throwing
 70113 | Vaults:4 | Reached skill level 15 in Armour
 70113 | Vaults:4 | Reached skill level 15 in Shields
 70113 | Vaults:4 | Reached skill level 15 in Unarmed Combat
 70113 | Vaults:4 | Reached skill level 15 in Evocations
 70281 | Vaults:4 | Noticed Margery
 70297 | Vaults:4 | Killed Margery
 70775 | Depths:1 | Reached skill level 13 in Conjurations
 70775 | Depths:1 | Reached skill level 13 in Hexes
 70775 | Depths:1 | Reached skill level 13 in Summonings
 70775 | Depths:1 | Reached skill level 13 in Necromancy
 70775 | Depths:1 | Reached skill level 13 in Translocations
 70775 | Depths:1 | Reached skill level 13 in Transmutations
 70775 | Depths:1 | Reached skill level 13 in Fire Magic
 70775 | Depths:1 | Reached skill level 13 in Air Magic
 70775 | Depths:1 | Reached skill level 13 in Earth Magic
 70775 | Depths:1 | Reached skill level 13 in Poison Magic
 71097 | Depths:1 | Found a gateway to Hell.
 71315 | Depths:1 | Noticed Asterion
 71332 | Depths:1 | Killed Asterion
 71454 | Depths:1 | Identified the +2 robe "Rixit" {SInv}
 71455 | Depths:1 | Found the +13 scythe of Curses {drain, Drain}
 72275 | Depths:1 | Reached XP level 24. HP: 155/209 MP: 38/49
 72464 | Depths:1 | Reached skill level 17 in Short Blades
 73412 | Depths:2 | Reached skill level 16 in Spellcasting
 73426 | Depths:2 | Found Tuph's Weapon Emporium.
 73430 | Depths:2 | Found Ikiuq's Book Emporium.
 73506 | Depths:2 | Bought a book of Ice for 644 gold pieces
 73516 | Depths:2 | Learned a level 9 spell: Polar Vortex
 73992 | Depths:2 | Reached skill level 16 in Dodging
 74130 | Depths:2 | Reached skill level 17 in Maces & Flails
 74268 | Depths:2 | Identified the +6 flail of the Protecting Madman {elec, rF+
                  | Int+2}
 74269 | Depths:2 | Identified the +2 short sword "Sarcophage" {vorpal, rElec
                  | rF+ Stlth+}
 74269 | Depths:2 | Identified the +8 war axe "Dyji Fask" {venom, rPois Int+9
                  | Stlth+}
 74279 | Depths:2 | Noticed a juggernaut
 74285 | Depths:2 | HP: 37/210 [ettin (29)]
 74286 | Depths:2 | HP: 9/210 [stone giant/large rock (15)]
 74288 | Depths:2 | Killed a juggernaut
 74288 | Depths:2 | Slain by a frost giant

Illustrated notes

Levels and vault maps discovered:
D:1:      dpeg_arrival_rooms_b, layout_loops_corners,
          dreamdust_ecumenical_altar_angels_and_demons, serial_shops,
          shop_coins, hex_tiny, hangedman_decor_riveting
D:2:      layout_loops_ring, uniq_jessica
D:3:      cheibrodos_pilgrimage, layout_basic, general_overflow_altar,
          amcnicky_altar_gilded, serial_shops, nicolae_square_shop,
          hangedman_decor_growths, skrybe_limestone_x, roderic_roman_lattice,
          grunt_ministairs_3
D:4:      layout_rooms, st_stairs_2, hangedman_abyss_or_decor_stagger,
          wad_orctagon, uniq_duvessa, uniq_grinder
D:5:      layout_rooms, mainiacjoe_overflow_cross_hatched,
          serial_co_window_serial, co_window_paths_a, co_window_paths_a,
          co_window_paths_a, co_window_paths_b, co_window_paths_b,
          co_window_of_opportunity_a, co_window_paths_b,
          co_window_unsneaky_path_a, co_window_unsneaky_path_d,
          co_window_paths_c, co_window_corner_b, co_window_4corner_a,
          glass_columns_a, glass_columns_b, glass_columns_a, glass_columns_c
D:6:      layout_cave_pools, lightli_ossuary_entry_decrepit_ruins, st_stairs_7
D:7:      layout_gridville, minitemple, minmay_temple_entry_junction_2,
          enter_bailey_4
D:8:      layout_layer_cave, eino_curves_02
D:9:      minmay_four_partial_circles, layout_basic,
          mainiacjoe_overflow_chevrons, david_orc_4
D:10:     layout_basic, vehumet_statue, erik_lair_orcish_takeover,
          amcnicky_mini_corridor_feature, uniq_snorg
D:11:     layout_loops_corners, water_boxes_lemuel, uniq_grum
D:12:     layout_loops_ring, chequers_serial_rivers_room_b, zin_purify,
          uniq_rupert, uniq_nergalle
D:13:     layout_layer_cave, david_vaults_4
D:14:     layout_basic, nicolae_twisting_strands, serial_glass, glass_columns_c,
          glass_columns_a, nicolae_two_hexagons, uniq_louise, uniq_nessos
D:15:     hangedman_depths_entry_civil_slaughter, layout_long_grid,
          nicolae_qazlal_general_emergency, serial_shops, shop,
          hangedman_ru_absence, uniq_jorgrun
Temple:   dpeg_three_leaves_temple
Lair:1:   layout_hall_layers, beast_lair_carwin_6, lemuel_fruit_fields
Lair:2:   minmay_lair_oklob_tunnel, layout_regular_city, grunt_megastairs_3
Lair:3:   layout_layer_cave, dummy_spider_entry, basic_altar
Lair:4:   layout_hall_layers, minmay_swamp_entry_reptiles, lemuel_fruit_fields,
          lemuel_fruit_fields
Lair:5:   layout_cave_shapes, uniq_sonja
Lair:6:   cheibrodos_lair_end_hotspot, layout_big_grid, slime_altar_1,
          gammafunk_ghost_abyssal_escape, pond, lemuel_fruit_tree,
          minmay_lair_oklob_chamber
Swamp:1:  layout_falls_marsh, infiniplex_staircase_pool
Swamp:2:  layout_basic_swamp, evilmike_swamp_ruin_house_2
Swamp:3:  layout_basic_swamp, evilmike_swamp_ruin_rubble_2
Swamp:4:  grunt_swamp_rune_castle, layout_basic_swamp
Spider:1: layout_spider_delve, gammafunk_ghost_split
Spider:2: layout_spider_delve
Spider:3: layout_spider_delve, drop_trap
Spider:4: guppyfry_spider_rune
Orc:1:    layout_caves
Orc:2:    st_orc_ogre_mass, layout_caves, gauntlet_entry_generic, basic_altar
Elf:1:    elf_arrival_002, layout_geoelf_octagon, evilmike_minifort,
          dk_noncrumbling_4, orc_legates, uniq_kirke
Elf:2:    nicolae_elf_blades_crystal_corner, layout_geoelf_diagonals,
          st_stairs_2, einodemon_barbed_minivault
Elf:3:    minmay_elf_hall_not_hex, layout_geoelf_diagonals, serial_shops, shop,
          grunt_megastairs_2
Vaults:1: nicolae_vaults_hallways_thing, ontoclasm_vaults_fault,
          nicolae_vaults_three_branches, ontoclasm_vaults_idyll,
          vaults_room_octagon, nicolae_vaults_asterisk, v_rooms_1,
          vaults_room_glass_cross, ontoclasm_vaults_eye, vaults_room_semicircle,
          grunt_vaults_focal, vaults_room_semicircle, layout_vaults_big_cross,
          serial_shops, shop_fountains, uniq_donald, uniq_aizul
Vaults:2: nicolae_vaults_meeting, nicolae_vaults_network_star,
          hangedman_vaults_corner, nicolae_vaults_little_squares_5, v_misc_30,
          vaults_standard_mumra_enter_the_diamond, v_misc_19,
          hangedman_vaults_slice, layout_vaults_chaotic_city,
          minmay_crypt_entry_simple_statues, serial_hangedman_research,
          hangedman_research_geology, hangedman_research_pyrotechnics
Vaults:3: vaults_room_door_ring, grunt_vaults_hallway_short,
          hangedman_vaults_corner_blocks, hangedman_vaults_locks,
          hangedman_vaults_trim, ontoclasm_vaults_chip, hangedman_vaults_cutoff,
          v_rooms_2, v_misc_18, vaults_room_stairs_pillars,
          nicolae_vaults_little_squares_3, nicolae_vaults_little_squares_2,
          vaults_dpeg_encased_lava, layout_vaults_omnibox, uniq_saint_roka
Vaults:4: ontoclasm_vaults_twist, vaults_dpeg_hooks,
          nicolae_vaults_little_squares_2, v_misc_15,
          nicolae_vaults_diagonal_hallway_8, v_misc_27,
          nicolae_vaults_circle_grid_a, vaults_room_semicircle,
          nicolae_vaults_display_case, v_misc_25, vaults_mumra_chevron,
          v_misc_23, nicolae_vaults_alarming, dpeg_vaults_monster_box,
          layout_vaults_ring, serial_shops, bzr_entry_islet, uniq_margery
Depths:1: layout_basic, grunt_mini_vestibule, chequers_jeans, minivault_12,
          uniq_asterion
Depths:2: giant_chief_lemuel, layout_gridlike, hellmouth_1,
          marbit_kobold_abyss_entry, infiniplex_staircase_zigzag_5,
          minmay_shop_star

Skill      XL: |  1  2  3  4  5  6  7  8  9 10 11 12 13 14 15 16 17 18 19 20 21 22 23 24 |
---------------+-------------------------------------------------------------------------+-----
Spellcasting   | 5 6 7 8 9 10 11 12 13 14 15 16 | 16.1
Fighting       | 1 2 3 4 5 6 7 8 9 10 11 12 13 14 15 | 15.5
Short Blades   | 1 2 3 4 5 6 7 8 9 10 11 12 13 14 15 16 17 | 17.4
Long Blades    | 1 2 3 4 5 6 7 8 9 10 11 12 13 14 15 | 15.5
Axes           | 1 2 3 4 5 6 7 8 9 10 11 12 13 14 15 | 15.5
Maces & Flails | 1 2 3 4 5 6 7 8 9 10 11 12 13 14 15 16 17 | 17.0
Polearms       | 1 2 3 4 5 6 7 8 9 10 11 12 13 14 15 | 15.5
Staves         | 1 2 3 4 5 6 7 8 9 10 11 12 13 14 15 | 15.5
Slings         | 1 2 3 4 5 6 7 8 9 10 11 12 13 14 15 | 15.5
Bows           | 1 2 3 4 5 6 7 8 9 10 11 12 13 14 15 | 15.5
Crossbows      | 1 2 3 4 5 6 7 8 9 10 11 12 13 14 15 | 15.5
Throwing       | 1 2 3 4 5 6 7 8 9 10 11 12 13 14 15 | 15.5
Armour         | 1 2 3 4 5 6 7 8 9 10 11 12 13 14 15 | 15.5
Shields        | 1 2 3 4 5 6 7 8 9 10 11 12 13 14 15 | 15.5
Unarmed Combat | 1 2 3 4 5 6 7 8 9 10 11 12 13 14 15 | 15.5
Invocations    | 1 2 3 4 5 6 7 8 9 10 11 12 13 14 15 16 | 16.7
Evocations     | 1 2 3 4 5 6 7 8 9 10 11 12 13 14 15 | 15.5
Conjurations   | 1 2 3 4 5 6 7 8 9 10 11 12 13 | 13.4
Hexes          | 1 2 3 4 5 6 7 8 9 10 11 12 13 | 13.4
Summonings     | 1 2 3 4 5 6 7 8 9 10 11 12 13 | 13.4
Necromancy     | 1 2 3 4 5 6 7 8 9 10 11 12 13 | 13.4
Translocations | 1 2 3 4 5 6 7 8 9 10 11 12 13 | 13.4
Transmutations | 1 2 3 4 5 6 7 8 9 10 11 12 13 | 13.4
Fire Magic     | 1 2 3 4 5 6 7 8 9 10 11 12 13 | 13.4
Air Magic      | 1 2 3 4 5 6 7 8 9 10 11 12 13 | 13.4
Earth Magic    | 1 2 3 4 5 6 7 8 9 10 11 12 13 | 13.4
Poison Magic   | 1 2 3 4 5 6 7 8 9 10 11 12 13 | 13.4
Dodging        | 5 6 7 8 9 10 11 12 13 14 15 16 | 16.0
Stealth        | 5 6 7 8 9 10 11 12 13 14 15 | 15.9
Ice Magic      | 8 9 10 11 12 13 14 | 14.8

Action                   |  1- 3 |  4- 6 |  7- 9 | 10-12 | 13-15 | 16-18 | 19-21 | 22-24 || total
-------------------------+-------+-------+-------+-------+-------+-------+-------+-------++-------
Melee: Unarmed           |     3 |       |       |       |       |       |       |       ||     3
       Short sword       |     6 |       |       |       |       |       |       |       ||     6
       Dagger            |    11 |    48 |   199 |       |       |       |       |       ||   258
       Punch             |     1 |       |     5 |       |       |       |       |       ||     6
       Bite              |       |     3 |    23 |    27 |    50 |    45 |    64 |    74 ||   286
       Battleaxe         |       |       |    42 |   310 |   587 |   416 |   761 |   805 ||  2921
Throw: Boomerang         |       |       |    85 |    86 |   335 |   479 |   652 |   102 ||  1739
       Dart              |       |       |    16 |    10 |     6 |       |       |    56 ||    88
       Throwing net      |       |       |       |       |     1 |       |       |       ||     1
       Javelin           |       |       |       |       |       |       |       |    29 ||    29
 Cast: Freeze            |    23 |    38 |    60 |    12 |    12 |       |       |       ||   145
       Frozen Ramparts   |       |    10 |    26 |    39 |    40 |     5 |    22 |    10 ||   152
       Ozocubu's Armour  |       |     2 |    21 |    45 |    50 |    10 |    31 |    20 ||   179
       Animate Skeleton  |       |       |       |     1 |     1 |     1 |       |       ||     3
       Mephitic Cloud    |       |       |       |     1 |       |       |       |       ||     1
       Olgreb's Toxic Ra |       |       |       |       |     1 |     5 |     2 |    18 ||    26
       Shadow Creatures  |       |       |       |       |     1 |    10 |     3 |     1 ||    15
       Simulacrum        |       |       |       |       |       |     4 |       |       ||     4
       Bolt of Magma     |       |       |       |       |       |    49 |    18 |    14 ||    81
       Ignite Poison     |       |       |       |       |       |       |     3 |     9 ||    12
       Invisibility      |       |       |       |       |       |       |     2 |       ||     2
       Animate Dead      |       |       |       |       |       |       |     1 |       ||     1
       Freezing Cloud    |       |       |       |       |       |       |    51 |    42 ||    93
       Call Imp          |       |       |       |       |       |       |       |     1 ||     1
       Spellforged Servi |       |       |       |       |       |       |       |     1 ||     1
       Polar Vortex      |       |       |       |       |       |       |       |     4 ||     4
Invok: Curse Item        |       |       |       |     2 |     7 |       |     1 |     1 ||    11
       Shatter the Chain |       |       |       |       |       |     1 |       |     1 ||     2
Evoke: Wand              |       |       |       |     1 |     7 |       |       |       ||     8
       Condenser vane    |       |       |       |     1 |     2 |       |     1 |       ||     4
       Box of beasts     |       |       |       |       |       |     1 |       |       ||     1
  Use: Scroll            |       |       |     6 |     2 |     2 |       |     4 |    11 ||    25
       Potion            |       |       |       |     5 |     7 |     1 |     3 |     6 ||    22
 Stab: Sleeping          |     2 |     3 |     6 |     5 |    15 |     5 |    11 |    17 ||    64
       Distracted        |       |     1 |       |     1 |     2 |     1 |     2 |     2 ||     9
       Invisible         |       |       |       |       |       |       |     2 |     2 ||     4
Armor: Robe              |     7 |    12 |   108 |    23 |       |       |       |       ||   150
       Acid dragon scale |       |       |       |   206 |   327 |   218 |   325 |    72 ||  1148
       Ring mail         |       |       |       |       |       |       |       |   136 ||   136
Dodge: Dodged            |    21 |    48 |   226 |   386 |   601 |   718 |  1009 |   818 ||  3827

Table legend: (Time is in decaauts)
 A = Elapsed time spent in this place.
 B = Non-inter-level travel time spent in this place.
 C = Inter-level travel time spent in this place.
 D = Time resting spent in this place.
 E = Time spent auto-exploring this place.
 F = Levels seen in this place.
 G = Mean time per level.
                   A        B        C        D        E       F      G
               +--------+--------+--------+--------+--------+-----+--------+
         Total |  73749 |  67809 |   5940 |    131 |  55626 |  46 | 1603.2 |
       Dungeon |  27384 |  24333 |   3051 |     93 |  20452 |  15 | 1825.6 |
        Temple |     83 |     72 |     11 |      0 |     67 |   1 |   83.0 |
          Lair |   7879 |   6933 |    946 |      0 |   5824 |   6 | 1313.2 |
         Swamp |   4720 |   4548 |    172 |      0 |   3548 |   4 | 1180.0 |
   Spider Nest |   6225 |   5761 |    464 |      0 |   4948 |   4 | 1556.2 |
  Orcish Mines |   2227 |   2022 |    205 |      0 |   1644 |   2 | 1113.5 |
   Elven Halls |   8892 |   8492 |    400 |      0 |   6631 |   3 | 2964.0 |
        Vaults |  10794 |  10254 |    540 |      0 |   8510 |   4 | 2698.5 |
        Depths |   3475 |   3327 |    148 |     38 |   2662 |   2 | 1737.5 |
         Abyss |      7 |      7 |      0 |      0 |      0 |   1 |    7.0 |
        Bazaar |    182 |    182 |      0 |      0 |     79 |   1 |  182.0 |
       Ossuary |    480 |    480 |      0 |      0 |    359 |   1 |  480.0 |
        Bailey |    307 |    307 |      0 |      0 |    189 |   1 |  307.0 |
      Gauntlet |   1087 |   1087 |      0 |      0 |    713 |   1 | 1087.0 |
               +--------+--------+--------+--------+--------+-----+--------+

Top non-repeatable levels by time:
Vaults:3: 3420 daAuts
   Elf:3: 3404 daAuts
    D:13: 3401 daAuts
Vaults:2: 3181 daAuts
   Elf:2: 3020 daAuts
   Elf:1: 2467 daAuts
Vaults:1: 2455 daAuts
    D:14: 2398 daAuts
Depths:1: 2393 daAuts
    D:15: 2343 daAuts
     D:9: 2158 daAuts
    D:11: 2045 daAuts
    D:12: 1987 daAuts
Spider:1: 1883 daAuts
    D:10: 1832 daAuts

Table legend:
 A = Kills in this place as a percentage of kills in entire the game.
 B = Kills by you in this place as a percentage of kills by you in the entire game.
 C = Kills by friends in this place as a percentage of kills by friends in the entire game.
 D = Other kills in this place as a percentage of other kills in the entire game.
 E = Experience gained in this place as a percentage of experience gained in the entire game.
 F = Experience gained in this place divided by the number of levels of this place that you have seen.
                   A       B       C       D       E      F
               +-------+-------+-------+-------+-------+----------------------
         Total | 100.0 | 100.0 | 100.0 | 100.0 | 100.0 | 18319.0
       Dungeon |  22.4 |  22.5 |  19.0 |  14.3 |   9.0 | 5033.9
          Lair |  12.8 |  12.8 |  14.3 |   0.0 |   7.5 | 10529.0
         Swamp |   6.3 |   6.3 |  14.3 |   0.0 |   8.4 | 17716.0
   Spider Nest |  11.6 |  11.4 |  38.1 |   0.0 |   9.6 | 20152.0
  Orcish Mines |   4.6 |   4.7 |   0.0 |   0.0 |   2.8 | 11743.5
   Elven Halls |  14.3 |  14.3 |   9.5 |  28.6 |  20.9 | 58790.3
        Vaults |  18.6 |  18.7 |   4.8 |  42.9 |  27.3 | 57508.0
        Depths |   6.8 |   6.8 |   0.0 |  14.3 |  14.1 | 59418.5
         Abyss |   0.1 |   0.1 |   0.0 |   0.0 |   0.0 |  10.0
       Ossuary |   0.7 |   0.7 |   0.0 |   0.0 |   0.0 | 153.0
        Bailey |   1.0 |   1.0 |   0.0 |   0.0 |   0.1 | 429.0
      Gauntlet |   0.8 |   0.9 |   0.0 |   0.0 |   0.4 | 3199.0
               +-------+-------+-------+-------+-------+----------------------
